[Event "Titled Tuesday Blitz April 11 Late 2023"]
[White "Mikhalsky, Vladimir"]
[Black "Sabuk, Piotr"]
[WhiteFideId "14144352"]
[BlackFideId "1137565"]
[WhiteElo "2236"]
[BlackElo "2298"]
[Result "0-1"]
[Round "06"]
[TimeControl "180+2"]
[Date "2023.04.11"]
[WhiteClock "0:00:05"]
[BlackClock "0:00:34"]

1. d4 d5 2. c4 e6 3. g3 Nf6 4. Bg2 Bb4+ 5. Bd2 Bd6 6. c5 Be7 7. Nc3 O-O 8. f4 a5 9. a3 Nc6 10. Nf3 b6 11. Ne5 Nxd4 12. c6 Ba6 13. a4 Qd6 14. e3 Nxc6 15. Nxc6 Qxc6 16. Ne2 Ne4 17. Nd4 Qd7 18. Bxe4 dxe4 19. Bc3 Rfd8 20. Qb3 c5 21. Nb5 Bxb5 22. Qxb5 Qxb5 23. axb5 Rd3 24. Ke2 Rad8 25. Ra4 f5 26. g4 Kf7 27. g5 h6 28. h4 Rh8 29. g6+ Kf8 30. Raa1 h5 31. Rad1 Rh6 32. Rhg1 c4 33. Bd4 Bd8 34. Rxd3 cxd3+ 35. Kd2 Rh8 36. Rc1 Rh6 37. Rc8 Ke7 0-1


[Site "https://www.chess.com"]

[Event "Titled Tuesday Blitz April 11 Late 2023"]
[White "Mazurkiewicz, Michal"]
[Black "Wadsworth, Matthew J"]
[WhiteFideId "1124943"]
[BlackFideId "415804"]
[WhiteElo "2054"]
[BlackElo "2330"]
[Result "1-0"]
[Round "06"]
[TimeControl "180+2"]
[Date "2023.04.11"]
[WhiteClock "0:01:13"]
[BlackClock "0:02:06"]

1. e4 e6 2. d3 d5 3. Nd2 Nf6 4. Ngf3 Be7 5. g3 c5 6. Bg2 Nc6 7. O-O b5 8. Re1 O-O 9. e5 Nd7 10. h4 a5 11. Nf1 Ba6 12. Bf4 Qc7 13. Ne3 Rfc8 14. Nxd5 exd5 15. e6 Qd8 16. exf7+ Kf8 17. Ng5 Bxg5 18. Re8+ Qxe8 19. fxe8=R+ Rxe8 20. hxg5 Ne7 21. Bd6 Bb7 22. Qg4 Bc6 23. Re1 Kf7 24. Qe6+ 1-0


[Site "https://www.chess.com"]

[Event "Titled Tuesday Blitz April 11 Late 2023"]
[White "Melikhov, Evgeny V."]
[Black "Thorfinnsson, Bjorn"]
[WhiteFideId "4122046"]
[BlackFideId "2300982"]
[WhiteElo "2158"]
[BlackElo "2395"]
[Result "0-1"]
[Round "06"]
[TimeControl "180+2"]
[Date "2023.04.11"]
[WhiteClock "0:00:02"]
[BlackClock "0:01:36"]

1. d4 Nf6 2. c4 e6 3. Nc3 c5 4. d5 exd5 5. cxd5 d6 6. Nf3 g6 7. h3 Bg7 8. e4 O-O 9. Be3 Re8 10. Bd3 b5 11. Bxb5 Nxe4 12. O-O Nxc3 13. bxc3 Bd7 14. Bxd7 Nxd7 15. Qd2 Nb6 16. Bh6 Nc4 17. Qf4 Ne5 18. Bxg7 Nxf3+ 19. Qxf3 Kxg7 20. c4 Qf6 21. Qxf6+ Kxf6 22. Rab1 Rab8 23. Rb3 Rb4 24. Rf3+ Kg7 25. Ra3 Rxc4 26. Rxa7 Rd4 27. a4 Rxd5 28. a5 Re2 29. a6 Ra2 30. Ra8 c4 31. Rc8 Rc5 32. Rxc5 dxc5 33. Rc1 Rxa6 34. Rxc4 Ra5 35. f4 Kf6 36. g4 Ke6 37. Rc1 Kd5 38. Rd1+ Kc6 39. Rc1 Ra4 40. f5 gxf5 41. gxf5 Rf4 42. Kg2 Rxf5 43. Kg3 h5 44. h4 Kb5 45. Rb1+ Kc4 46. Rc1+ Kb3 47. Rb1+ Kc2 48. Rb8 c4 49. Rg8 c3 0-1


[Site "https://www.chess.com"]

[Event "Titled Tuesday Blitz April 11 Late 2023"]
[White "Yeritsyan, Hayk"]
[Black "Janaszak, Dawid"]
[WhiteFideId "13307320"]
[BlackFideId "1119206"]
[WhiteElo "2241"]
[BlackElo "2220"]
[Result "0-1"]
[Round "06"]
[TimeControl "180+2"]
[Date "2023.04.11"]
[WhiteClock "0:00:05"]
[BlackClock "0:00:14"]

1. d4 Nf6 2. Nf3 e6 3. e3 b6 4. Bd3 Bb7 5. Nbd2 Be7 6. c3 O-O 7. Qe2 d6 8. e4 Nbd7 9. e5 dxe5 10. Nxe5 Nxe5 11. dxe5 Nd7 12. Nf3 Nc5 13. Bc2 Ba6 14. c4 f5 15. exf6 Bxf6 16. O-O Qe8 17. Rb1 Qh5 18. b4 Nd7 19. Qxe6+ Rf7 20. Be4 Nf8 21. Qd5 Qxd5 22. Bxd5 c6 23. Bxf7+ Kxf7 24. b5 cxb5 25. cxb5 Bb7 26. Bb2 Bxf3 27. gxf3 Bg5 28. Rfe1 Rc8 29. Bc1 Bf6 30. Bf4 Ne6 31. Be3 Rc2 32. a4 Ra2 33. Rbc1 Rxa4 34. Rc6 Nf8 35. Rc7+ Kg6 36. Rd1 Ne6 37. Rc6 Ng5 38. Bxg5 Kxg5 39. Rd7 Kf4 40. Kg2 Ra2 41. Rcc7 Rb2 42. Rxa7 Rxb5 43. Rab7 Rb2 44. Rd6 b5 45. Rdb6 Bd4 46. Rf7+ Ke5 47. Rxg7 Bxb6 48. Rxh7 Bxf2 49. Rh5+ Kd4 50. Kh3 b4 51. Kg4 Be3 52. Rh8 b3 53. Rd8+ Kc3 54. f4 Rxh2 55. f5 Rf2 0-1


[Site "https://www.chess.com"]

[Event "Titled Tuesday Blitz April 11 Late 2023"]
[White "Coenen, Michael"]
[Black "Federzoni, Enzo"]
[WhiteFideId "4697367"]
[BlackFideId "2173301"]
[WhiteElo "2328"]
[BlackElo "2039"]
[Result "1-0"]
[Round "06"]
[TimeControl "180+2"]
[Date "2023.04.11"]
[WhiteClock "0:01:21"]
[BlackClock "0:02:06"]

1. Nf3 d5 2. e3 Nf6 3. c4 e6 4. b3 c6 5. Bb2 Bd6 6. d4 O-O 7. Bd3 Nbd7 8. O-O b6 9. Nc3 Bb7 10. Rc1 Rc8 11. Re1 c5 12. cxd5 Nxd5 13. Ne4 Bb8 14. dxc5 Nxc5 15. Nxc5 bxc5 16. Qc2 h6 17. a3 Qc7 18. g3 Nb4 19. axb4 Bxf3 20. bxc5 Bb7 21. Be4 h5 22. Bxb7 Qb6 23. Qc3 Qxb7 24. Qxg7# 1-0


[Site "https://www.chess.com"]

[Event "Titled Tuesday Blitz April 11 Late 2023"]
[White "Lorenzo De La Riva, Lazaro"]
[Black "Fernandez Siles, Luis"]
[WhiteFideId "2268809"]
[BlackFideId "2209420"]
[WhiteElo "2294"]
[BlackElo "2195"]
[Result "1-0"]
[Round "06"]
[TimeControl "180+2"]
[Date "2023.04.11"]
[WhiteClock "0:01:22"]
[BlackClock "0:01:48"]

1. c4 g6 2. Nc3 Bg7 3. h4 h5 4. Nf3 d6 5. d4 Nc6 6. d5 Ne5 7. Nd2 c5 8. e4 a6 9. a4 Nf6 10. Be2 Bg4 11. f3 Bd7 12. Nf1 Rb8 13. Bg5 Qa5 14. Kf2 Qb4 15. Bd2 b5 16. axb5 axb5 17. Nxb5 Bxb5 18. Bxb4 Bxc4 19. Bc3 Bxe2 20. Qxe2 Nfd7 21. Ne3 c4 22. Nxc4 1-0


[Site "https://www.chess.com"]

[Event "Titled Tuesday Blitz April 11 Late 2023"]
[White "Thomas, Anysia"]
[Black "Sztokbant, Bernardo Vainzoff"]
[WhiteFideId "670472"]
[BlackFideId "2115956"]
[WhiteElo "2091"]
[BlackElo "2222"]
[Result "0-1"]
[Round "06"]
[TimeControl "180+2"]
[Date "2023.04.11"]
[WhiteClock "0:00:03"]
[BlackClock "0:00:25"]

1. d4 Nf6 2. c4 g6 3. Nc3 d5 4. cxd5 Nxd5 5. e4 Nxc3 6. bxc3 Bg7 7. Be3 O-O 8. Nf3 c5 9. Be2 Nc6 10. O-O Bg4 11. d5 Na5 12. Bxc5 Bxc3 13. Rc1 Bg7 14. Bd4 Bxd4 15. Qxd4 e6 16. h3 Bxf3 17. Bxf3 exd5 18. exd5 Qd6 19. Rc5 b6 20. Rcc1 Rac8 21. Qg4 Rc5 22. Rxc5 Qxc5 23. Qf4 Rc8 24. Re1 Nc4 25. Qf6 Qd6 26. Qg5 Kg7 27. Qg4 Rc7 28. Qd4+ Qf6 29. Qd1 b5 30. Be2 Nd6 31. Bf3 b4 32. Qe2 a5 33. Qe3 Qc3 34. Kh1 Qxe3 35. fxe3 Kf6 36. e4 Ke5 37. Rd1 Rc2 38. Re1 Rxa2 0-1


[Site "https://www.chess.com"]

[Event "Titled Tuesday Blitz April 11 Late 2023"]
[White "Harvey, Marcus R"]
[Black "Kovalevsky, Stanislav"]
[WhiteFideId "400092"]
[BlackFideId "13508598"]
[WhiteElo "2457"]
[BlackElo "2174"]
[Result "1-0"]
[Round "06"]
[TimeControl "180+2"]
[Date "2023.04.11"]
[WhiteClock "0:00:10"]
[BlackClock "0:00:05"]

1. a4 d5 2. a5 e5 3. h4 Nf6 4. h5 c5 5. h6 gxh6 6. c4 d4 7. d3 Ng4 8. Nf3 Nc6 9. a6 bxa6 10. g3 Bb7 11. Bg2 Qc7 12. Rh4 f5 13. Qa4 Kf7 14. Nbd2 Be7 15. Rh5 Kg6 16. Rh1 Nb4 17. Kf1 Bc6 18. Qd1 e4 19. dxe4 fxe4 20. Nxe4 Rhf8 21. Nh4+ Kg7 22. f4 Qb7 23. e3 Bxe4 24. Qxg4+ Kh8 25. Ng6+ hxg6 26. Rxh6+ Kg7 27. Rxg6+ Bxg6 28. Bxb7 Rad8 29. Be4 Rf6 30. f5 dxe3 31. Ke1 Rd4 32. Bxe3 Nc2+ 33. Kf2 Nxa1 34. Bxd4 cxd4 35. Ke2 Nb3 36. fxg6 Nc5 37. Qh5 Re6 38. Qh7+ Kf6 39. Qf7+ Ke5 40. Qf5+ Kd6 41. Qd5+ Kc7 42. g7 d3+ 43. Kf3 Rxe4 44. g8=Q d2 45. Qga8 Kb6 46. Qb8+ Ka5 47. b4+ Ka4 48. bxc5 Re5 49. Qc6+ Ka3 50. Qxa6# 1-0


[Site "https://www.chess.com"]

[Event "Titled Tuesday Blitz April 11 Late 2023"]
[White "Manzone, Alessandro"]
[Black "Gatterer, Florian"]
[WhiteFideId "112488"]
[BlackFideId "811688"]
[WhiteElo "2255"]
[BlackElo "2221"]
[Result "1-0"]
[Round "06"]
[TimeControl "180+2"]
[Date "2023.04.11"]
[WhiteClock "0:00:05"]
[BlackClock "0:00:01"]

1. d4 d5 2. c4 c6 3. Nf3 Nf6 4. Qc2 g6 5. cxd5 cxd5 6. Bf4 Nc6 7. e3 Bg7 8. Nc3 O-O 9. Be2 Bg4 10. O-O Rc8 11. Rac1 Ne4 12. Rfd1 Nxc3 13. bxc3 Na5 14. h3 Bxf3 15. Bxf3 e6 16. Qa4 Rc4 17. Qa3 Re8 18. Be2 Bf8 19. Qb2 Rc8 20. Bd3 Bd6 21. Bxd6 Qxd6 22. e4 b6 23. e5 Qe7 24. g3 Rc7 25. h4 h5 26. Qd2 Kg7 27. Kg2 Rec8 28. Bb1 Qa3 29. Qf4 Qe7 30. Rd3 Nc4 31. Rf3 Na3 32. Qd2 Nxb1 33. Rxb1 Qa3 34. Rb3 Qe7 35. Qf4 Rc4 36. Qd2 Qc7 37. Rd3 Qe7 38. Rb1 R8c7 39. Re1 Qa3 40. Ree3 Qe7 41. Rf3 Rc8 42. Qf4 R8c7 43. Kh3 Rc8 44. g4 hxg4+ 45. Qxg4 Rh8 46. Kg3 Rc7 47. Rf6 Rh5 48. Rdf3 Qe8 49. Kh3 Qh8 50. Qf4 Qg8 51. Qg4 Qh8 52. Rg3 Qh7 53. Qf4 Rf5 54. Rxf5 exf5 55. Qxf5 Re7 56. Qf6+ Kf8 57. Rf3 Ke8 58. Qc6+ Kf8 59. Qxd5 Qh5 60. Qe4 1-0


[Site "https://www.chess.com"]

[Event "Titled Tuesday Blitz April 11 Late 2023"]
[White "Fernandez, Maria Florencia"]
[Black "Mendez Fortes, Eduardo Jesus"]
[WhiteFideId "116459"]
[BlackFideId "3502376"]
[WhiteElo "2120"]
[BlackElo "2307"]
[Result "0-1"]
[Round "06"]
[TimeControl "180+2"]
[Date "2023.04.11"]
[WhiteClock "0:00:09"]
[BlackClock "0:01:10"]

1. d4 Nf6 2. c4 e6 3. Nc3 Bb4 4. a3 Bxc3+ 5. bxc3 c5 6. f3 d6 7. e4 b6 8. Bg5 h6 9. Bh4 Nc6 10. d5 Na5 11. Bd3 g5 12. Bf2 e5 13. Ne2 Qd7 14. Ng3 Ba6 15. Nf5 O-O-O 16. O-O h5 17. Be3 Rdg8 18. Bc2 Bxc4 19. Bd3 Bxd3 20. Qxd3 c4 21. Qe2 h4 22. Rab1 Nh5 23. Rb4 Nf4 24. Bxf4 gxf4 25. Kh1 Rg6 26. Rxc4+ Nxc4 27. Qxc4+ Kb8 28. a4 h3 29. g3 Rc8 30. Qb4 Rc5 31. g4 Rg8 32. Ra1 Rgc8 33. a5 Rxc3 34. Kg1 R8c5 35. axb6 a5 36. Rxa5 Rc1+ 37. Kf2 R5c2+ 0-1


[Site "https://www.chess.com"]

[Event "Titled Tuesday Blitz April 11 Late 2023"]
[White "Belov, Alexei"]
[Black "Harriott, Tyrell"]
[WhiteFideId "4128206"]
[BlackFideId "2086484"]
[WhiteElo "2421"]
[BlackElo "2107"]
[Result "1-0"]
[Round "06"]
[TimeControl "180+2"]
[Date "2023.04.11"]
[WhiteClock "0:00:47"]
[BlackClock "0:00:28"]

1. e4 d6 2. d4 Nf6 3. Nc3 Nbd7 4. Nf3 e5 5. Bc4 Be7 6. O-O O-O 7. a4 c6 8. Ba2 Qc7 9. Qe2 h6 10. Rd1 Nh7 11. a5 Bf6 12. Be3 Re8 13. Qc4 Ndf8 14. Nd5 Qd8 15. Nxf6+ Qxf6 16. dxe5 dxe5 17. Qb4 Bg4 18. Qxb7 Bxf3 19. gxf3 Qxf3 20. Qxc6 Ne6 21. Bxe6 fxe6 22. Rd7 Rac8 23. Rc7 Rcd8 24. Qb7 Qg4+ 25. Kf1 Rd1+ 26. Rxd1 Qxd1+ 27. Kg2 Qg4+ 28. Kf1 Rd8 29. Rd7 Rxd7 30. Qxd7 Nf6 31. Qd8+ Kh7 32. Bxa7 Nxe4 33. Be3 Nf6 34. a6 Qc4+ 35. Qd3+ Qxd3+ 36. cxd3 Ne8 37. Bb6 Nd6 38. a7 Nc8 39. a8=Q Nxb6 40. Qc6 Nd5 41. Qxe6 Nf6 42. Qxe5 h5 43. b4 Kg6 44. h4 Kh7 45. b5 Kg6 46. b6 Kh7 47. b7 Kg6 48. Qg5+ Kh7 49. b8=Q Ng8 50. Qc7 Ne7 51. Qcxe7 1-0


[Site "https://www.chess.com"]

[Event "Titled Tuesday Blitz April 11 Late 2023"]
[White "Sliwicki, Damian"]
[Black "Bilan, Danila"]
[WhiteFideId "1127128"]
[BlackFideId "24161918"]
[WhiteElo "2030"]
[BlackElo "2182"]
[Result "1-0"]
[Round "06"]
[TimeControl "180+2"]
[Date "2023.04.11"]
[WhiteClock "0:00:06"]
[BlackClock "0:00:04"]

1. e4 c6 2. Nc3 d5 3. Qf3 d4 4. Bc4 e6 5. Nce2 c5 6. d3 Nc6 7. Bf4 Bd6 8. O-O-O Nf6 9. g4 e5 10. Bg5 Bxg4 11. Qg3 Qd7 12. f3 Be6 13. Bxf6 gxf6 14. Qg7 O-O-O 15. Qxf6 Be7 16. Bxe6 fxe6 17. Qh6 Rhg8 18. h4 c4 19. dxc4 Rg2 20. Qxh7 Nb4 21. a3 Qa4 22. Rd2 d3 23. Qxe7 Nxc2 24. Qxe6+ Kb8 25. Qxe5+ Ka8 26. Qc3 Ne3 27. Nh3 Nxc4 28. Rxd3 Rc8 29. Kb1 Rxe2 30. Rc1 Rxb2+ 31. Qxb2 Nxb2 32. Rxc8# 1-0


[Site "https://www.chess.com"]

[Event "Titled Tuesday Blitz April 11 Late 2023"]
[White "Jimenez Almeida, Luis David"]
[Black "Perez Rodriguez, Jennifer"]
[WhiteFideId "22242244"]
[BlackFideId "3507831"]
[WhiteElo "2245"]
[BlackElo "2116"]
[Result "1-0"]
[Round "06"]
[TimeControl "180+2"]
[Date "2023.04.11"]
[WhiteClock "0:00:20"]
[BlackClock "0:00:01"]

1. e4 e5 2. Nf3 Nc6 3. Bb5 f5 4. d3 fxe4 5. dxe4 Nf6 6. Be3 d6 7. Nc3 Be7 8. h3 O-O 9. Bc4+ Kh8 10. a3 Qe8 11. Qd2 Nh5 12. O-O-O Bd8 13. Nd5 Be6 14. Ng5 Bg8 15. h4 Nf4 16. g3 Nxd5 17. exd5 Nb8 18. Kb1 Nd7 19. h5 Nf6 20. h6 g6 21. f4 exf4 22. gxf4 Ng4 23. Bd4+ Bf6 24. Rde1 Qd8 25. Ne4 Bxd4 26. Qxd4+ Nf6 27. Ng5 c5 28. dxc6 bxc6 29. Bxg8 Kxg8 30. Ne6 Qb6 31. Qxb6 axb6 32. Nxf8 Rxf8 33. f5 g5 34. Rhg1 g4 35. Re6 Kf7 36. Kc1 Rd8 37. Rge1 Rd7 38. Kd2 c5 39. c4 d5 40. cxd5 Rxd5+ 41. Kc2 Rxf5 42. Rxb6 g3 43. Rb7+ Kf8 44. Rd1 g2 45. Rg7 Rf2+ 46. Rd2 Rxd2+ 47. Kxd2 Ne4+ 48. Ke3 1-0


[Site "https://www.chess.com"]

[Event "Titled Tuesday Blitz April 11 Late 2023"]
[White "Grot, Blazej"]
[Black "Gallegos Diaz, Carlos Alberto"]
[WhiteFideId "21835845"]
[BlackFideId "3900886"]
[WhiteElo "1823"]
[BlackElo "2362"]
[Result "0-1"]
[Round "06"]
[TimeControl "180+2"]
[Date "2023.04.11"]
[WhiteClock "0:00:02"]
[BlackClock "0:00:09"]

1. e4 d6 2. d4 Nf6 3. Nc3 c6 4. f4 Qa5 5. Bd3 e5 6. Nf3 Nbd7 7. Bd2 Qc7 8. O-O Be7 9. a4 O-O 10. a5 h6 11. Qe1 Re8 12. Kh1 Bf8 13. h3 exd4 14. Nxd4 Nc5 15. Qg3 Ncxe4 16. Nxe4 Nxe4 17. Bxe4 Rxe4 18. Nf3 Be6 19. Rae1 Rxe1 20. Rxe1 Qd7 21. Nd4 Re8 22. f5 Bd5 23. Rxe8 Qxe8 24. Bxh6 Qe5 25. Qg4 Be7 26. Ne2 Bf6 27. Ng3 Qe1+ 28. Kh2 Be5 29. Bf4 Qf2 30. Nh5 Bxg2 31. Qxg2 Bxf4+ 32. Nxf4 Qxf4+ 33. Kh1 Qxf5 34. a6 bxa6 35. Qxc6 Qf1+ 36. Kh2 Qf2+ 37. Kh1 Qe1+ 38. Kh2 Qd2+ 39. Kh1 g6 40. Qc8+ Kg7 41. Qxa6 Qd1+ 42. Kh2 Qxc2+ 43. Kg3 Qb3+ 44. Kg4 f5+ 45. Kf4 Qb4+ 46. Kg3 Qb3+ 47. Kf4 Qb4+ 48. Kg3 Qb6 49. Qd3 Qc5 50. Qa6 Qe5+ 51. Kf3 Qd5+ 52. Kg3 g5 53. Qxa7+ Kg6 54. Qa3 Qe5+ 55. Kg2 f4 56. Qf3 Qxb2+ 57. Kg1 Qe5 58. Qd3+ Kf6 59. Qa6 Qc5+ 60. Kg2 Qc2+ 61. Kf3 Qc3+ 62. Kg2 Qd2+ 63. Kg1 Qe1+ 64. Kg2 Qg3+ 65. Kf1 Qxh3+ 66. Ke2 Qe3+ 67. Kf1 Qc1+ 68. Kf2 Qc5+ 69. Kf1 g4 70. Kg2 Qd5+ 71. Kf2 Qd4+ 72. Kg2 Qd2+ 73. Kg1 g3 74. Qa1+ Kg6 75. Qb1+ Kh6 76. Qa1 Qf2+ 77. Kh1 Qh2# 0-1


[Site "https://www.chess.com"]

[Event "Titled Tuesday Blitz April 11 Late 2023"]
[White "Silva, Caio Henrique Angelico"]
[Black "Seletsky, Grigory"]
[WhiteFideId "22777210"]
[BlackFideId "14112191"]
[WhiteElo "2096"]
[BlackElo "2490"]
[Result "1-0"]
[Round "06"]
[TimeControl "180+2"]
[Date "2023.04.11"]
[WhiteClock "0:00:10"]
[BlackClock "0:00:01"]

1. Nf3 c5 2. g3 Nc6 3. d4 cxd4 4. Nxd4 d5 5. Bg2 e5 6. Nxc6 bxc6 7. c4 Be6 8. Qa4 Qd7 9. Nc3 Ne7 10. cxd5 cxd5 11. Qxd7+ Kxd7 12. O-O Rd8 13. Rd1 Kc8 14. f4 d4 15. Ne4 f6 16. fxe5 fxe5 17. Bg5 h6 18. Rac1+ Kb8 19. Nc5 Bc8 20. Rd3 Rd6 21. Bd2 Rb6 22. b4 Nf5 23. a4 Be7 24. b5 Ne3 25. Bc6 Bxc5 26. Rxc5 Rf8 27. Bxe3 Bh3 28. Bf2 a6 29. a5 Rxb5 30. Bxb5 axb5 31. Rxb5+ Kc7 32. Rxe5 Kd6 33. Re4 Kd5 34. Rexd4+ Ke5 35. Ra4 1-0


[Site "https://www.chess.com"]

[Event "Titled Tuesday Blitz April 11 Late 2023"]
[White "Roberson, Peter T"]
[Black "Alimpic, Aleksa"]
[WhiteFideId "412384"]
[BlackFideId "974323"]
[WhiteElo "2346"]
[BlackElo "2273"]
[Result "1-0"]
[Round "06"]
[TimeControl "180+2"]
[Date "2023.04.11"]
[WhiteClock "0:00:16"]
[BlackClock "0:00:10"]

1. d4 d5 2. c4 e6 3. Nf3 a6 4. e3 Nf6 5. b3 b6 6. Bb2 Bb7 7. Nbd2 Nbd7 8. Bd3 Bd6 9. O-O O-O 10. Qe2 Ne4 11. Rac1 f5 12. Ne5 Ndf6 13. f3 Nxd2 14. Qxd2 Bxe5 15. dxe5 dxc4 16. exf6 cxd3 17. fxg7 Rf7 18. Rc3 Rd7 19. Rd1 Qg5 20. Rxd3 Rxd3 21. Qxd3 Bxf3 22. Rd2 Bd5 23. Qc3 c5 24. Qe5 h5 25. Rxd5 exd5 26. Qxd5+ Kh7 27. Qxa8 Qxe3+ 28. Kf1 Qd3+ 29. Kf2 Qd2+ 30. Kf3 Qd1+ 31. Kf4 Qg4+ 32. Ke5 Qxg7+ 33. Kxf5 Qxb2 34. Qb7+ Qg7 35. Qxg7+ Kxg7 36. Ke5 Kg6 37. Kd5 Kf5 38. Kc6 b5 39. Kxc5 Kf4 40. Kb6 Ke3 41. Kxa6 Kf2 42. Kxb5 Kxg2 43. h4 Kh3 44. a3 Kxh4 45. a4 Kg3 46. a5 h4 47. a6 h3 48. a7 h2 49. a8=Q Kf2 50. Qh1 Kg3 51. b4 Kh3 52. Kc5 Kg3 53. b5 Kh3 54. b6 Kg3 55. b7 Kh3 56. b8=N Kg3 57. Nc6 Kh3 58. Nd4 Kg3 59. Nf3 Kh3 60. Nxh2 Kg3 61. Nf1+ Kf2 62. Kd4 Ke2 63. Qg2+ Ke1 64. Ke3 Kd1 65. Qf2 1-0


[Site "https://www.chess.com"]

[Event "Titled Tuesday Blitz April 11 Late 2023"]
[White "Petre, Nad-Titus"]
[Black "Buchenau, Frank"]
[WhiteFideId "1204165"]
[BlackFideId "4604350"]
[WhiteElo "2354"]
[BlackElo "2157"]
[Result "1-0"]
[Round "06"]
[TimeControl "180+2"]
[Date "2023.04.11"]
[WhiteClock "0:00:31"]
[BlackClock "0:00:02"]

1. e4 e6 2. Nf3 d5 3. e5 c5 4. b4 cxb4 5. a3 Nc6 6. axb4 Bxb4 7. c3 Ba5 8. d4 Nge7 9. Bd3 Bd7 10. Kf1 b5 11. Ng5 h6 12. Qh5 O-O 13. h4 f6 14. Nh7 Be8 15. Qe2 Rf7 16. exf6 Nf5 17. g4 Kxh7 18. Qxe6 Rxf6 19. Qe1 Kh8 20. gxf5 Nxd4 21. Rxa5 Nxf5 22. Bxf5 Qxa5 23. Bd3 Bc6 24. Rh2 Re8 25. Be3 Qa2 26. Nd2 a5 27. Bb1 Qb2 28. Qd1 a4 29. Bd4 Rff8 30. Nf3 a3 31. Qd3 1-0


[Site "https://www.chess.com"]

[Event "Titled Tuesday Blitz April 11 Late 2023"]
[White "Filipets, Egor"]
[Black "Pasti, Aron"]
[WhiteFideId "13503928"]
[BlackFideId "785857"]
[WhiteElo "2233"]
[BlackElo "2173"]
[Result "1/2-1/2"]
[Round "06"]
[TimeControl "180+2"]
[Date "2023.04.11"]
[WhiteClock "0:00:13"]
[BlackClock "0:00:11"]

1. e4 c5 2. Nf3 e6 3. d4 cxd4 4. Nxd4 Nc6 5. Nxc6 bxc6 6. Bd3 d5 7. O-O Nf6 8. Qe2 Be7 9. b3 O-O 10. Bb2 c5 11. c4 Bb7 12. cxd5 exd5 13. Nd2 dxe4 14. Nxe4 Nd5 15. Qg4 g6 16. Rad1 f5 17. Qh3 fxe4 18. Qe6+ Rf7 19. Bxe4 Bf6 20. Bxd5 Bxd5 21. Rxd5 Qe8 22. Qxe8+ Rxe8 23. Bxf6 Rxf6 24. Rxc5 Re2 25. Ra5 a6 26. g3 g5 27. Rxg5+ Kf7 28. Ra5 Rd6 29. Rf5+ Kg6 30. Ra5 Rf6 31. Kg2 h5 32. h3 Rd6 33. Ra4 Rb2 34. Rc1 Rf6 35. Rf1 Rd6 36. Kf3 Rf6+ 37. Rf4 Rc6 38. g4 Rxa2 39. Rd1 Rc3+ 40. Kg2 Rxb3 41. Rd6+ Kg7 42. gxh5 Rb7 43. Rff6 a5 44. Rh6 Rf7 45. Rdg6+ Kf8 46. Rh8+ Ke7 47. h6 Rfxf2+ 48. Kg3 Rg2+ 49. Kh4 Rxg6 50. Kh5 Rag2 51. h7 R6g5+ 52. Kh4 Rg7 53. Re8+ Kxe8 54. h8=Q+ Kf7 55. Qh5+ Kg8 56. Qd5+ Kh8 57. Qe5 Rg6 58. Qe8+ Kh7 59. Qe4 a4 60. Kh5 a3 61. h4 a2 62. Qxg6+ Rxg6 1/2-1/2


[Site "https://www.chess.com"]

[Event "Titled Tuesday Blitz April 11 Late 2023"]
[White "Ward, Ieuan C"]
[Black "Forgacs, Attila Jr."]
[WhiteFideId "406627"]
[BlackFideId "773654"]
[WhiteElo "2028"]
[BlackElo "2168"]
[Result "0-1"]
[Round "06"]
[TimeControl "180+2"]
[Date "2023.04.11"]
[WhiteClock "0:00:07"]
[BlackClock "0:00:52"]

1. d4 Nf6 2. c4 d6 3. Nc3 Nbd7 4. Nf3 g6 5. g3 Bg7 6. Bg2 O-O 7. O-O e5 8. dxe5 dxe5 9. h3 c6 10. Be3 Qe7 11. Qc2 Nh5 12. Rac1 f5 13. Bg5 Ndf6 14. a3 h6 15. Bxf6 Qxf6 16. Na4 e4 17. Ne1 e3 18. fxe3 Nxg3 19. Rf3 Ne4 20. Rf4 g5 21. Rf1 Qe7 22. b4 Bd7 23. c5 Ng3 24. Rf3 Nh5 25. Qb3+ Be6 26. Qc2 g4 27. hxg4 fxg4 28. Rxf8+ Rxf8 29. Nc3 Qh4 30. Nd3 g3 31. Bf3 Qh2+ 32. Kf1 Qh1# 0-1


[Site "https://www.chess.com"]

[Event "Titled Tuesday Blitz April 11 Late 2023"]
[White "Marcziter, Dmitrii"]
[Black "Hadzovic, Amir"]
[WhiteFideId "13900765"]
[BlackFideId "14402300"]
[WhiteElo "2162"]
[BlackElo "2294"]
[Result "0-1"]
[Round "06"]
[TimeControl "180+2"]
[Date "2023.04.11"]
[WhiteClock "0:00:01"]
[BlackClock "0:00:14"]

1. e4 e5 2. Nf3 Nc6 3. Bc4 Nf6 4. Ng5 d5 5. exd5 Nd4 6. c3 b5 7. Bf1 Nxd5 8. cxd4 Qxg5 9. Bxb5+ Kd8 10. O-O Bb7 11. Qf3 Rb8 12. dxe5 Ne3 13. Qh3 Qxg2+ 14. Qxg2 Nxg2 15. d4 Be7 16. Nc3 Nh4 17. f4 Nf3+ 18. Kf2 Nxd4 19. Rd1 c5 20. Be3 Kc7 21. Rac1 Bh4+ 22. Kf1 Bf3 23. Bxd4 Bxd1 24. Bxc5 Bf3 25. Bd6+ Kb7 26. Bxb8 Kxb8 27. Be2 Bc6 28. Rd1 Re8 29. Bc4 g5 30. Bxf7 Rf8 31. e6 gxf4 32. Rd4 Bg5 33. Ne4 Be7 34. Nc3 f3 35. Nd5 Bc5 36. Rd2 Bb5+ 37. Ke1 Rd8 38. e7 Bxe7 39. Nxe7 Rxd2 40. Kxd2 f2 41. Nc6+ Kc7 42. Nd4 f1=Q 43. Nxb5+ Qxb5 44. Bb3 Qg5+ 45. Kc3 Qh4 46. a4 Qxh2 47. a5 Qg3+ 48. Kb4 h5 49. Bc4 h4 50. Kc5 h3 51. b4 h2 52. b5 h1=Q 53. b6+ axb6+ 54. axb6+ Kb8 55. Bd5 Qc1+ 56. Kb5 Qga3 57. b7 Qcc5# 0-1


[Site "https://www.chess.com"]

[Event "Titled Tuesday Blitz April 11 Late 2023"]
[White "Ozalp, Burak"]
[Black "Vovk, Orest"]
[WhiteFideId "6314210"]
[BlackFideId "14113490"]
[WhiteElo "2106"]
[BlackElo "2215"]
[Result "0-1"]
[Round "06"]
[TimeControl "180+2"]
[Date "2023.04.11"]
[WhiteClock "0:00:07"]
[BlackClock "0:00:31"]

1. c4 g5 2. d4 Bg7 3. Bxg5 c5 4. Nf3 Qb6 5. Bc1 cxd4 6. g3 Nc6 7. Bg2 Nf6 8. O-O d6 9. e3 dxe3 10. Bxe3 Qxb2 11. Nbd2 Ng4 12. Rb1 Nxe3 13. fxe3 Qc3 14. Qe2 Bh6 15. Rb3 Qg7 16. Ne4 O-O 17. Nh4 Ne5 18. Nf5 Bxf5 19. Rxf5 b6 20. Rb1 Rac8 21. Rbf1 Nxc4 22. Qh5 Nxe3 23. R5f4 Bxf4 24. Rxf4 Rc1+ 25. Kf2 Qb2+ 26. Kf3 Qxg2+ 27. Kxe3 Re1+ 28. Kd3 f5 29. Qg5+ Kh8 30. Nf6 Qe2+ 0-1


[Site "https://www.chess.com"]

[Event "Titled Tuesday Blitz April 11 Late 2023"]
[White "Reprintsev, Alexander"]
[Black "Nadj Hedjesi, Balind"]
[WhiteFideId "14100541"]
[BlackFideId "934003"]
[WhiteElo "2211"]
[BlackElo "2368"]
[Result "1/2-1/2"]
[Round "06"]
[TimeControl "180+2"]
[Date "2023.04.11"]
[WhiteClock "0:00:11"]
[BlackClock "0:00:05"]

1. e4 c5 2. b3 Nc6 3. Bb2 e5 4. f4 d6 5. Qf3 Nf6 6. Bb5 Bg4 7. Qe3 exf4 8. Bxc6+ bxc6 9. Qxf4 Be7 10. Nf3 O-O 11. O-O Bh5 12. d3 Bg6 13. Nbd2 a5 14. a4 d5 15. Rae1 c4 16. dxc4 dxe4 17. Nd4 Bc5 18. c3 Qb6 19. Kh1 Rad8 20. h3 Rfe8 21. Qe3 h5 22. Rf4 Bd6 23. Rxf6 gxf6 24. Rf1 Be5 25. Ba3 Kg7 26. c5 Qc7 27. Nc4 Bxd4 28. cxd4 Rd5 29. Nd6 Re6 30. Bb2 Rexd6 31. cxd6 Qxd6 32. Bc3 Qc7 33. Qf2 Qe7 34. Qe1 e3 35. Qe2 Rf5 36. Re1 Rf2 37. Qxe3 Rf1+ 38. Kh2 Qd6+ 39. Qg3 Qxg3+ 40. Kxg3 Rxe1 41. Bxe1 Bc2 42. b4 axb4 43. a5 b3 44. Bc3 Bd3 45. Kf4 Kg6 46. Ke3 Bc4 47. Kf4 Kg7 48. g3 Kg6 49. Bb2 Kg7 50. Ke3 Kg6 51. Ba3 Kf5 52. Bb2 Ke6 53. Bc3 Kd5 54. Kd2 Ke6 55. Kc1 Kd5 56. Kb2 f5 57. Ka3 Ke4 58. Bb2 Kd3 59. Kb4 Ba6 60. Kc5 Kc2 61. Ba3 Kb1 62. Kb6 Ka2 63. Bc1 Kb1 64. Ba3 Ka2 65. Bc1 Kb1 66. Ba3 1/2-1/2


[Site "https://www.chess.com"]